 Dungeon Crawl Stone Soup version 0.28-a0-1233-g92def6ad0a (webtiles) character file.

Game seed: 7022826488902357520

105 Lekart the Chopper (level 4, 0/60 HPs)
             Began as a Draconian Chaos Knight on Dec 23, 2021.
             Was a Plaything of Xom.
             Killed by nerve-wracking pain
             ... invoked by Grinder
              (2 damage)
             ... while paralysed by Grinder
             ... on level 3 of the Dungeon.
             The game lasted 00:02:21 (2352 turns).

Lekart the Chopper (Draconian Chaos Knight)         Turns: 2352, Time: 00:02:22

Health: 0/60       AC:  5    Str: 15    XL:     4   Next: 54%
Magic:  4/4        EV:  2    Int: 12    God:    Xom [.....*]
Gold:   1457       SH:  0    Dex: 12    Spells: 3/3 levels left

rFire   . . .      SeeInvis +   a - +0 hand axe (chaos)
rCold   . . .      Faith    .   (no shield)
rNeg    . . .      Spirit   .   (armour unavailable)
rPois   .          Reflect  +   (helmet restricted)
rElec   .          Harm     .   (no cloak)
rCorr   .          Rampage  .   (no gloves)
Will    .....                   (no boots)
Stlth   ..........              c - amulet of reflection
HPRegen 0.20/turn               b - ring of see invisible
MPRegen 0.09/turn               (no ring)

@: paralysed, mighty, berserking (expiring), attractive, unable to read
A: AC +5, unfitting armour, cold-blooded, antennae 1, no potion heal 1,
inability to read while threatened
a: Renounce Religion


You were on level 3 of the Dungeon.
You worshipped Xom.
You were Xom's teddy bear.
You visited 1 branch of the dungeon, and saw 3 of its levels.

You collected 1457 gold pieces.

Inventory:

Hand Weapons
 a - a +0 hand axe of chaos (weapon)
Jewellery
 b - a ring of see invisible (left hand)
 c - an amulet of reflection (around neck)
Scrolls
 d - a scroll of torment {unknown}
 f - 5 scrolls of fear {unknown}
 g - 2 scrolls of identify {unknown}
 h - a scroll of acquirement {unknown}
 i - a scroll of brand weapon {unknown}
 l - a scroll of fog {unknown}


   Skills:
 + Level 4.2 Fighting
 + Level 4.4 Axes
 + Level 2.6 Dodging
 + Level 0.2 Shields


You had 3 spell levels left.
You didn't know any spells.
Your spell library contained the following spells:

 Spells                   Type           Power      Damage    Failure   Level
 Summon Small Mammal      Summ           0%         N/A       32%         1
 Call Canine Familiar     Summ           0%         N/A       69%         3
 Gell's Gravitas          Tloc           0%         N/A       69%         3
 Summon Guardian Golem    Hex/Summ       0%         N/A       69%         3
 Teleport Other           Tloc           0%         N/A       69%         3
 Dispersal                Tloc           0%         N/A       100%        6
 Orb of Destruction       Conj           0%         N/A       100%        7
 Spellforged Servitor     Conj/Summ      0%         N/A       100%        7


Dungeon Overview and Level Annotations

Branches:
Dungeon (3/15)

Altars:

Annotations:
D:3 Grinder, Terence


Innate Abilities, Weirdness & Mutations

Your plain brown scales are hard. (AC +5)
You cannot fit into any form of body armour.
You are cold-blooded and may be slowed by cold attacks.
You have a pair of small antennae on your head.
Potions are less effective at restoring your health.
You sometimes lose the ability to read scrolls when taking damage.


Message History

You feel attractive to monsters.
Xom roars with laughter!
You can read scrolls again.
Grinder closely misses you.
It was a potion of berserk rage.
A red film seems to cover your vision as you go berserk!
You feel yourself moving faster!
You feel mighty!
Xom roars with laughter!
Terence zaps a wand.
The puff of flame misses Grinder.
The puff of flame hits you!
* * * LOW HITPOINT WARNING * * *
Grinder barely misses you.
You closely miss Grinder.
Grinder is moderately wounded.
You slash Grinder!
Grinder is heavily wounded.
Grinder hits you.
You feel threatened and lose the ability to read scrolls!
* * * LOW HITPOINT WARNING * * *
You closely miss Grinder.
Your tail-slap misses Grinder.
Grinder is heavily wounded.
Grinder gestures at you. Pain shoots through your body!
* * * LOW HITPOINT WARNING * * *
You slash Grinder! You burn Grinder.
Grinder is severely wounded.
You hit Grinder.
Grinder is almost dead.
Grinder gestures at you.
You suddenly lose the ability to move!
Grinder hits you but does no damage.
Terence zaps a wand.
The puff of flame hits Grinder.
Grinder gestures at you.
You shrug off the repeated paralysis!
You hear Xom's maniacal laughter.
Terence's +0 short sword dances into the air!
Grinder gestures at you. Pain shoots through your body!
You die... "I guess I need a new plaything now."

*
**,#.......#
, ,*≈
######..# ,
** ,, ***
#..# * ,,
######..#####
* ** *,*
#...........#
,,,,, ,,
#.####..###.#
****
#.####..## ,*
* *,,*
#........# ,
*,,,, *
#..###@#.# ,*
*, * , #
,**#5#.#*,*
## ,***, ,,,,
.@^.. ,
..,,,,,,,, ,
,.....## *
.#*,********
#####(# .#*,*
*,* ** .#
.#*,** ****
,** ,##*
.#*,,
,,,,,*,**,*
*8 *
.#******** *
**, ,_, ,


You could see Grinder (invisible), Terence (ally target) and a friendly +0 short
sword.

Vanquished Creatures
  4 gnolls (D:2)
  An adder (D:3)
  3 dart slugs
  An orc (D:2)
  5 ball pythons
  6 endoplasms
  6 giant cockroaches
  2 goblins (D:1)
  4 hobgoblins
  3 jackals (D:1)
  2 quokkas (D:1)
  2 bats
  4 frilled lizards
  3 kobolds (D:1)
  A rat (D:3)
47 creatures vanquished.

Vanquished Creatures (others)
  15 plants (D:3)
15 creatures vanquished.

Grand Total: 62 creatures vanquished

Notes
Turn   | Place    | Note
-------+----------+-------------------------------------------
     0 | D:1      | Lekart the Draconian Chaos Knight began the quest for the
                  | Orb.
     0 | D:1      | Reached XP level 1. HP: 19/19 MP: 1/1
    25 | D:1      | Found a faded altar of an unknown god.
   165 | D:1      | XOM: divination: detect creatures
   260 | D:1      | Reached XP level 2. HP: 26/26 MP: 2/2
   317 | D:1      | XOM: silly message
   442 | D:1      | XOM: 3-stop teleportation journey
   711 | D:1      | Reached XP level 3. HP: 33/33 MP: 3/3
   757 | D:1      | XOM: summons 2 hostile shadow creatures
   985 | D:2      | Reached XP level 4. HP: 24/40 MP: 4/4
  1108 | D:2      | XOM: give mutations
  1108 | D:2      | Gained mutation: You have a pair of small antennae on your
                  | head. [Xom's grace]
  1108 | D:2      | Gained mutation: You are agile. (Dex +2) [Xom's grace]
  1236 | D:2      | XOM: give mutations
  1236 | D:2      | Lost mutation: You are agile. (Dex +2) [Xom's mischief]
  1236 | D:2      | Gained mutation: You sometimes lose the ability to read
                  | scrolls when taking damage. [Xom's mischief]
  1236 | D:2      | Gained mutation: Potions are less effective at restoring
                  | your health. [Xom's mischief]
  1521 | D:2      | XOM: 5-stop teleportation journey
  1819 | D:3      | XOM: divination: magic mapping
  2323 | D:3      | XOM: god gift: 1351 gold pieces
  2332 | D:3      | Noticed Grinder
  2333 | D:3      | Noticed Terence
  2338 | D:3      | Paralysed by Grinder for 5 turns
  2347 | D:3      | HP: 1/60 [Grinder/nerve-wracking pain (12)]
  2349 | D:3      | Paralysed by Grinder for 6 turns
  2352 | D:3      | Killed from afar by Grinder

Illustrated notes

Levels and vault maps discovered:
D:1:      co_arrival_square_in_a_square_in_a_square, layout_rooms,
          basic_ecumenical_altar, hangedman_abyss_or_decor_stabs,
          minmay_misc_feat_x, minmay_unequal
D:2:      layout_basic, nicolae_concentric_dashed_squares_mild, st_stairs_6
D:3:      layout_loops_ring, gammafunk_temple_overflow_elements,
          gammafunk_temple_overflow_statue, serial_bayou, serial_bayou_pond_c,
          serial_bayou_pond_e, serial_bayou_lake_a, serial_bayou_pond_d,
          uniq_grinder, uniq_terence

Skill      XL: |  1  2  3 |
---------------+----------+-----
Fighting       | 4 |  4.2
Axes           | 4 |  4.4
Dodging        | |  2.6
Shields        | |  0.2

Action                   |  1- 3 |  4- 6 || total
-------------------------+-------+-------++-------
Melee: Hand axe          |    70 |    72 ||   142
       Tailslap          |     9 |     5 ||    14
  Use: Potion            |       |     3 ||     3
 Stab: Paralysed         |     2 |       ||     2
       Sleeping          |     1 |       ||     1
Armor: Skin              |    14 |    19 ||    33
Dodge: Dodged            |    39 |    36 ||    75
Block: Other             |    11 |    14 ||    25

Table legend: (Time is in decaauts)
 A = Elapsed time spent in this place.
 B = Non-inter-level travel time spent in this place.
 C = Inter-level travel time spent in this place.
 D = Time resting spent in this place.
 E = Time spent auto-exploring this place.
 F = Levels seen in this place.
 G = Mean time per level.
                   A        B        C        D        E       F      G
               +--------+--------+--------+--------+--------+-----+--------+
         Total |   2381 |   2349 |     32 |    326 |   1685 |   3 |  793.7 |
       Dungeon |   2381 |   2349 |     32 |    326 |   1685 |   3 |  793.7 |
               +--------+--------+--------+--------+--------+-----+--------+

Top non-repeatable levels by time:
     D:2: 900 daAuts
     D:1: 890 daAuts
     D:3: 590 daAuts
